Map: [ESL] Stargazers

Players

ForJumy

  • Race: Protoss Protoss
  • Spawn Location: 11:00

Zain - Winner!

  • Race: Protoss Protoss
  • Spawn Location: 1:00

Event: DreamHack SC2 Masters 2022 Valencia

VOD

Have the link to the VOD?

Description

Time

  • Played on: July 1, 2022, 3:04 p.m.
  • Length: 8:35

All games in this series

Show
View Real Time Build Order
Export as new Build Order

ForJumy Protoss 

Build Orders:  

Get SALT Encoding   

  12  0:00  Probe  
  13  0:12  Probe  
  14  0:17  Pylon  
  14  0:24  Probe  
  15  0:36  Gateway  
  15  0:37  Probe (Chrono Boost)  
  16  0:46  Probe (Chrono Boost)  
  16  0:47  Assimilator  
  17  0:51  Probe  
  17  0:55  Assimilator  
  18  1:03  Probe (Chrono Boost)  
  19  1:09  Gateway  
  19  1:13  Probe (Chrono Boost)  
  19  1:18  Probe  
  21  1:26  Cybernetics Core  
  21  1:30  Probe  
  22  1:35  Pylon  
  22  1:42  Probe  
  23  1:54  Probe  
  23  1:59  Warp Gate (Chrono Boost)  
  24  2:02  Sentry  
  24  2:06  Probe  
  24  2:08  Pylon  
  29  2:29  Nexus  
  27  2:33  Stalker  
  29  2:41  Stalker  
  31  2:48  Probe  
  32  3:02  Pylon  
  32  3:05  Probe  
  33  3:06  Robotics Facility  
  33  3:11  Shield Battery  
  33  3:16  Shield Battery  
  33  3:18  Probe  
  34  3:30  Probe (Chrono Boost)  
  35  3:41  Probe (Chrono Boost)  
  36  3:42  Sentry  
  36  3:43  Sentry  
  41  3:48  Probe (Chrono Boost)  
  41  3:50  Probe (Chrono Boost)  
  41  3:54  Observer  
  41  3:55  Probe x2 (Chrono Boost)  
  44  3:58  Twilight Council  
  44  3:59  Forge  
  45  4:04  Assimilator  
  45  4:06  Probe  
  45  4:07  Probe  
  45  4:08  Stalker  
  49  4:11  Stalker  
  51  4:18  Probe  
  51  4:21  Warp Prism (Chrono Boost)  
  56  4:25  Probe  
  55  4:31  Pylon  
  55  4:36  Stalker  
  57  4:39  Stalker  
  57  4:42  Blink (Chrono Boost)  
  59  4:49  Probe  
  60  4:55  Observer  
  60  4:58  Pylon  
  58  5:05  Probe  
  59  5:08  Adept x2  
  59  5:12  Probe (Chrono Boost)  
  61  5:22  Probe (Chrono Boost)  
  61  5:24  Probe (Chrono Boost)  
  62  5:30  Probe (Chrono Boost)  
  62  5:31  Probe (Chrono Boost)  
  62  5:33  Immortal (Chrono Boost)  
  64  5:38  Probe  
  64  5:41  Pylon, Probe  
  70  5:51  Observer  
  70  5:56  Probe  
  69  5:58  Probe  
  69  6:01  Nexus  
  70  6:04  Pylon  
  70  6:08  Gateway  
  70  6:09  Gateway  
  66  6:11  Probe  
  66  6:14  Probe  
  68  6:23  Observer  
  68  6:24  Probe  
  68  6:25  Robotics Bay  
  70  6:29  Adept x2  
  74  6:34  Probe  
  75  6:42  Charge, Assimilator  
  75  6:48  Immortal  
  79  6:55  Probe  
  80  7:07  Stalker  
  77  7:15  Probe (Chrono Boost)  
  78  7:16  Probe (Chrono Boost)  
  78  7:20  Probe (Chrono Boost)  
  74  7:26  Probe (Chrono Boost)  
  74  7:27  Stalker x3, Probe (Chrono Boost)  
  77  7:39  Pylon, Probe  
  78  7:49  Observer, Probe  
  78  7:50  Observer  
  78  7:57  Probe, Warp Prism  
  81  7:58  Nexus  
  79  8:05  Zealot x2  
  79  8:06  Zealot  
  79  8:09  Pylon, Probe  
  86  8:18  Probe  
  86  8:26  Pylon x2  
  86  8:27  Pylon, Shield Battery  
Show
View Real Time Build Order
Export as new Build Order

Zain Protoss - Winner!

Build Orders: Colossus Rush, Dark Templar Rush 

Get SALT Encoding   

  12  0:00  Probe  
  13  0:12  Probe  
  14  0:18  Pylon  
  14  0:24  Probe (Chrono Boost)  
  15  0:37  Probe (Chrono Boost), Gateway  
  16  0:44  Probe (Chrono Boost)  
  16  0:46  Assimilator  
  17  0:51  Probe  
  17  0:56  Assimilator  
  18  1:03  Probe (Chrono Boost)  
  19  1:08  Gateway  
  19  1:13  Probe (Chrono Boost)  
  20  1:18  Probe (Chrono Boost)  
  20  1:25  Cybernetics Core  
  21  1:29  Probe  
  22  1:39  Pylon  
  22  1:41  Probe  
  23  1:57  Probe  
  23  1:59  Warp Gate (Chrono Boost)  
  24  2:01  Stalker x2  
  28  2:09  Probe  
  29  2:16  Pylon  
  29  2:21  Probe  
  30  2:34  Sentry  
  30  2:35  Sentry  
  34  2:48  Nexus  
  34  2:53  Shield Battery  
  34  3:01  Sentry  
  34  3:02  Shield Battery  
  36  3:06  Probe  
  37  3:19  Probe  
  38  3:22  Twilight Council  
  38  3:28  Pylon  
  38  3:34  Probe  
  39  3:36  Pylon  
  39  3:47  Adept x2  
  44  3:56  Probe (Chrono Boost)  
  44  3:59  Dark Shrine  
  44  4:01  Probe (Chrono Boost)  
  45  4:07  Probe (Chrono Boost)  
  45  4:09  Blink (Chrono Boost)  
  47  4:12  Probe (Chrono Boost)  
  47  4:15  Probe (Chrono Boost)  
  48  4:21  Probe  
  49  4:26  Probe  
  50  4:33  Probe  
  50  4:36  Stalker  
  53  4:38  Probe  
  53  4:44  Stalker  
  53  4:45  Pylon, Probe  
  57  4:50  Probe  
  58  4:57  Probe  
  59  5:02  Stalker, Probe  
  59  5:05  Pylon  
  62  5:09  Probe  
  63  5:14  Probe  
  62  5:21  Probe  
  62  5:26  Nexus  
  62  5:27  Probe  
  62  5:28  Shield Battery  
  62  5:29  Gateway x2  
  62  5:31  Pylon  
  62  5:37  Stalker x2  
  66  5:43  Assimilator  
  66  5:45  Robotics Facility  
  66  5:46  Probe  
  66  5:58  Colossus (Chrono Boost)  
  66  6:01  Probe  
  67  6:06  Stalker x2  
  67  6:08  Probe  
  72  6:14  Probe  
  72  6:17  Charge (Chrono Boost)  
  72  6:20  Probe, Gateway x2  
  73  6:26  Stalker  
  73  6:28  Stalker  
  73  6:30  Probe  
  78  6:33  Observer (Chrono Boost)  
  78  6:35  Probe  
  80  6:48  Probe  
  80  6:53  Stalker x4  
  89  6:55  Probe  
  89  6:56  Probe  
  91  7:10  Probe x2  
  88  7:18  Stalker x4  
  88  7:20  Probe  
  97  7:29  Probe  
  87  7:41  Stalker x4  
  87  7:44  Stalker  
  97  7:50  Probe  
  96  7:53  Stalker  
  96  7:56  Probe  
  99  8:02  Probe  
  99  8:05  Forge  
  100  8:06  Probe  
  100  8:10  Pylon  
  100  8:12  Pylon  
  101  8:13  Pylon  
  101  8:16  Gateway x2  
  101  8:24  Pylon  
  101  8:26  Nexus  

Tags
 
Add a new tag
Caveats
  • Supply blocks, unpowered buildings, or Contaminate may cause inaccurate times.
  • Supply counts are checked every 10 seconds.